[Event "*** Titled Tuesday Blitz"]
[Site "Chess.com"]
[Date "2020.05.26"]
[Round "8"]
[White "JTCoach"]
[Black "poummba"]
[Result "1-0"]
[WhiteElo "2654"]
[BlackElo "2477"]
[TimeControl "180+1"]
[EndTime "11:39:54 PDT"]
[Termination "JTCoach won by resignation"]

1. e4 c5 2. Nf3 g6 3. d4 cxd4 4. Nxd4 Bg7 5. c4 Nc6 6. Be3 Nf6 7. Nc3 O-O 8. Be2 d6 9. O-O Bd7 10. h3 a5 11. Ndb5 Ne8 12. Qd2 Nc7 13. Rac1 Nxb5 14.
cxb5 Na7 15. a4 Be6 16. f4 Nc8 17. f5 Bb3 18. Bh6 Bxh6 19. Qxh6 Nb6 20. Rf4 Nd7 21.
Rh4 Nf6 22. e5 dxe5 23. Ne4 Qd4+ 24. Kh2 Qxe4 25. Rxe4 Nxe4 26. Qe3 Bd5 27. fxg6 hxg6 28. Bf3 f5 29. Bxe4 fxe4 30. Qg5 Rf6 31. Qxe5 Rd8 32. Qxe7 Rfd6 33. Rc7 1-0

[Event "*** Titled Tuesday Blitz"]
[Site "Chess.com"]
[Date "2020.05.26"]
[Round "8"]
[White "WonderChampion"]
[Black "Alliswell998"]
[Result "1/2-1/2"]
[WhiteElo "1923"]
[BlackElo "2512"]
[TimeControl "180+1"]
[EndTime "11:39:54 PDT"]
[Termination "Game drawn - insufficient material"]

1. e4 c6 2. c4 d5 3. exd5 cxd5 4. cxd5 Nf6 5. Nc3 Nxd5 6. Bb5+ Bd7 7. Bxd7+ Qxd7 8.
Nf3 e6 9. O-O Nc6 10. d4 Be7 11. Be3 Rc8 12. Rc1 O-O 13. a3 Rfd8 14. Qb3 Na5 15.
Qa2 Nc4 16. Nxd5 Qxd5 17. Qb1 Bf6 18. Rfd1 h6 19. a4 a5 20. b3 Nxe3 21. fxe3 b5 22. Qd3 bxa4 23. bxa4 Qa2 24. Qb5 Qa3 25. Rxc8 Qxe3+ 26. Kh1 Rxc8 27. Qxa5 Rc1 28. Qe1 Qxe1+ 29. Rxe1 Rxe1+ 30.
Nxe1 Bxd4 31. Nd3 e5 32. g3 e4 33. Nb4 f5 34. Kg2 Kf7 35. Kf1 Ke6 36. Ke2 Kd6 37.
Nc2 Bc5 38. Na1 g5 39. Nb3 Kc6 40. Nd2 Bg1 41. h4 Bh2 42. Kf2 e3+ 43. Kxe3 Bxg3 44.
hxg5 hxg5 45. Nf3 Bf4+ 46. Kf2 Kb6 47. Nd4 Ka5 48. Nxf5 Kxa4 49. Ng7 Kb5 50. Kf3 Kc6 51. Kg4 Kd5 52. Nf5 Ke5 53. Nh6 Kf6 54. Nf5 Bc1 55. Nd4 Ke5 56. Nf3+ Kf6 57. Nxg5 1/2-1/2

[Event "*** Titled Tuesday Blitz"]
[Site "Chess.com"]
[Date "2020.05.26"]
[Round "8"]
[White "InitiatingASC"]
[Black "GelmanAlexander"]
[Result "0-1"]
[WhiteElo "2390"]
[BlackElo "2553"]
[TimeControl "180+1"]
[EndTime "11:39:55 PDT"]
[Termination "GelmanAlexander won by resignation"]

1. Nf3 c5 2. b3 Nf6 3. Bb2 e6 4. e3 b6 5. Be2 Bb7 6. O-O d6 7. c4 Nbd7 8. d3 Rg8 9. Nbd2 g5 10. a3 g4 11. Ne1 h5 12. b4 h4 13. d4 Bh6 14.
bxc5 dxc5 15. dxc5 Nxc5 16. Bxf6 Qxf6 17. Rb1 O-O-O 18.
Qc2 g3 19. fxg3 Bxe3+ 20. Kh1 Qh6 21. Ndf3 hxg3 22. Rd1 Ne4 23. Rxd8+ Rxd8 24. Nd3 gxh2 0-1

[Event "*** Titled Tuesday Blitz"]
[Site "Chess.com"]
[Date "2020.05.26"]
[Round "8"]
[White "MarceloPlaya"]
[Black "cukin84"]
[Result "0-1"]
[WhiteElo "2349"]
[BlackElo "2202"]
[TimeControl "180+1"]
[EndTime "11:39:55 PDT"]
[Termination "cukin84 won on time"]

1. e4 c6 2. d4 d5 3. e5 c5 4. c3 Nc6 5. Nf3 Bg4 6. Be2 e6 7. h3 Bxf3 8. Bxf3 cxd4 9. cxd4 Qb6 10. Be3 Qxb2 11. Nd2 Bb4 12. O-O Bxd2 13. Rb1 Qc3 14. Bxd2 Qxd4 15. Rxb7 Nge7 16. Qc1 O-O 17. Bg5 Rfe8 18.
Bxe7 Nxe7 19. Qc7 Rac8 20. Qd7 Qxe5 21. Rxa7 Qf6 22. a4 Nc6 23. Rc7 Ne5 24. Rxc8 Nxd7 25. Rxe8+ Nf8 26. a5 Qc3 27. a6 Qa5 28. Be2 g6 29.
Re7 Qc5 30. Rb7 Kg7 31. Ra1 Qc3 32. Rbb1 Nd7 33. a7 Nb6 34. Ra6 Na8 0-1

[Event "*** Titled Tuesday Blitz"]
[Site "Chess.com"]
[Date "2020.05.26"]
[Round "8"]
[White "RobertPrieb2007"]
[Black "kushagramohan"]
[Result "1-0"]
[WhiteElo "2479"]
[BlackElo "2660"]
[TimeControl "180+1"]
[EndTime "11:39:56 PDT"]
[Termination "RobertPrieb2007 won on time"]

1. d4 Nf6 2. c4 g6 3. Nc3 Bg7 4. e4 d6 5. Nf3 O-O 6. Be2 Na6 7.
O-O e5 8. d5 Nc5 9. Bg5 a5 10.
b3 h6 11. Bxf6 Bxf6 12. a3 Bg7 13. b4 axb4 14. axb4 Rxa1 15. Qxa1 Na6 16. Qa5 f5 17. Nd2 f4 18. c5 g5 19. c6 b6 20. Qa4 Nb8 21.
Qa7 g4 22. Bc4 Qg5 23. Qxb8 f3 24. Qxc7 Qxd2 25. Nb5 fxg2 26. Kxg2 g3 27. hxg3 Bg4 28. Qxd6 Bf3+ 29. Kg1 Bg4 30. c7 Bh3 31. Na7 Bxf1 32. Qxf8+ Bxf8 33. Bxf1 1-0

[Event "*** Titled Tuesday Blitz"]
[Site "Chess.com"]
[Date "2020.05.26"]
[Round "8"]
[White "JulAnt"]
[Black "barbara25"]
[Result "1-0"]
[WhiteElo "2393"]
[BlackElo "2193"]
[TimeControl "180+1"]
[EndTime "11:39:56 PDT"]
[Termination "JulAnt won by resignation"]

1. e4 c5 2. Nf3 d6 3. d4 cxd4 4.
Nxd4 Nf6 5. Nc3 a6 6. Bg5 e6 7.
f4 h6 8. Bh4 Qb6 9. a3 Bd7 10.
Bf2 Qc7 11. Qf3 Be7 12. O-O-O Nc6 13. g4 Nxd4 14. Bxd4 e5 15. fxe5 dxe5 16. Qg3 Rc8 17. Bxe5 Qc6 18. Bd3 O-O 19. Nd5 Nxd5 20. exd5 Bg5+ 21.
Kb1 Qc5 22. h4 Be7 23. g5 h5 24. Bxg7 Kxg7 25. Qe5+ Kg8 26. Qe4 f5 27. gxf6 Rf7 28. fxe7 Qxe7 29. Qg6+ Rg7 30. Qxh5 Bg4 31. Qh6 Bxd1 32.
Rxd1 Rf8 33. d6 Qf6 34. Bc4+ 1-0

[Event "*** Titled Tuesday Blitz"]
[Site "Chess.com"]
[Date "2020.05.26"]
[Round "8"]
[White "ArnieChipmunk"]
[Black "XiaoKangZhong"]
[Result "0-1"]
[WhiteElo "2284"]
[BlackElo "2434"]
[TimeControl "180+1"]
[EndTime "11:39:58 PDT"]
[Termination "XiaoKangZhong won by resignation"]

1. e4 c6 2. Bc4 d5 3. Bb3 dxe4 4. Qh5 e6 5. Nc3 Nf6 6. Qh4 Nbd7 7. f3 exf3 8. Nxf3 Be7 9. d4 Qa5 10. O-O Qh5 11.
Qg3 Qg6 12. Qh3 Nd5 13. Ne2 h5 14. c4 N5f6 15. Ne5 Nxe5 16. dxe5 Nd7 17. Bf4 Qg4 18. Qd3 Nc5 19. Qe3 b6 20. h3 Qg6 21. Nd4 Bb7 22. Rad1 Rd8 23. Kh2 Qe4 24. Qf2 Rf8 25.
Rfe1 Qh7 26. Bc2 Qg8 27. b4 Nd7 28. Nxe6 fxe6 29. Bg6+ Rf7 30. Bg3 Nf8 31. Rxd8+ Bxd8 32. Rf1 Nxg6 0-1

[Event "*** Titled Tuesday Blitz"]
[Site "Chess.com"]
[Date "2020.05.26"]
[Round "8"]
[White "VitaliyBernadskiy"]
[Black "SantoBlue"]
[Result "1-0"]
[WhiteElo "2715"]
[BlackElo "2786"]
[TimeControl "180+1"]
[EndTime "11:39:59 PDT"]
[Termination "VitaliyBernadskiy won on time"]

1. e4 d6 2. Nc3 e5 3. g3 Nc6 4. Bg2 f5 5. exf5 Bxf5 6. Nf3 Be7 7. O-O Nf6 8. d4 e4 9. Ng5 d5 10. f3 h6 11. fxe4 Bg4 12. Qd3 Nb4 13. Qd2 hxg5 14. a3 Na6 15. Qxg5 dxe4 16. Qg6+ Kd7 17. Nxe4 Kc8 18.
c3 Bd7 19. Qxg7 Nxe4 20. Bxe4 Rg8 21. Qh6 c6 22. Bf4 Nc7 23. Rae1 Ne6 24. Bf5 Nxf4 25.
Qxf4 Bg5 26. Qe5 b6 27. Be6 Kb7 28. Rf7 1-0

[Event "*** Titled Tuesday Blitz"]
[Site "Chess.com"]
[Date "2020.05.26"]
[Round "8"]
[White "Gloomy_Wanderer"]
[Black "AlexOstrovskiy"]
[Result "1-0"]
[WhiteElo "2758"]
[BlackElo "2621"]
[TimeControl "180+1"]
[EndTime "11:39:59 PDT"]
[Termination "Gloomy_Wanderer won by resignation"]

1. d4 e6 2. c4 b6 3. e4 Bb4+ 4. Bd2 Bxd2+ 5. Qxd2 d5 6. cxd5 exd5 7. e5 Ne7 8. Nc3 O-O 9. Bd3 c5 10. Nge2 Nbc6 11. f4 Nf5 12. dxc5 d4 13. Ne4 bxc5 14. O-O Ne3 15. Rfc1 c4 16. Bxc4 Nxc4 17. Rxc4 Qd5 18. Nd6 Ba6 19. Nc3 Qa5 20. Rxc6 dxc3 21. Qxc3 Qa4 22.
b3 Qa3 23. Qc1 Qa5 24. Qc5 Qd2 25. Rxa6 Qxf4 26. Rf1 Qd2 27. Rxa7 Rad8 28. Qf2 Qd5 29. Rxf7 1-0

[Event "*** Titled Tuesday Blitz"]
[Site "Chess.com"]
[Date "2020.05.26"]
[Round "8"]
[White "2L8IWUN"]
[Black "rynos0411"]
[Result "1-0"]
[WhiteElo "2550"]
[BlackElo "2367"]
[TimeControl "180+1"]
[EndTime "11:39:59 PDT"]
[Termination "2L8IWUN won by checkmate"]

1. d4 Nf6 2. Nf3 e6 3. Bf4 d5 4. e3 Bd6 5. Bg3 c5 6. Nbd2 Nc6 7. c3 O-O 8. Bd3 Re8 9. Ne5 Qc7 10. f4 Rb8 11. Bh4 Be7 12. Qf3 b5 13. Qh3 g6 14.
O-O b4 15. Ndf3 bxc3 16. bxc3 c4 17. Bc2 Nxe5 18. fxe5 Nh5 19. g4 Ng7 20. Bf6 Rb2 21.
Ng5 h5 22. Rac1 Rf8 23. gxh5 Bxf6 24. hxg6 Rd8 25. Qh7+ Kf8 26. exf6 Nf5 27. Qh8# 1-0

[Event "*** Titled Tuesday Blitz"]
[Site "Chess.com"]
[Date "2020.05.26"]
[Round "8"]
[White "joejan"]
[Black "MaxLeto"]
[Result "1-0"]
[WhiteElo "2196"]
[BlackElo "2301"]
[TimeControl "180+1"]
[EndTime "11:39:59 PDT"]
[Termination "joejan won on time"]

1. e4 c5 2. Nc3 d6 3. f4 Nc6 4. Nf3 g6 5. Bc4 Bg7 6. O-O e6 7. d3 Nge7 8. Qe1 O-O 9. f5 d5 10. Bb3 gxf5 11. exd5 Nxd5 12. Nxd5 exd5 13. Bg5 Qd6 14.
Qh4 Bxb2 15. Rae1 Bd7 16. Bf4 Qg6 17. Bxd5 Rfe8 18. Qf2 Bc3 19. Rxe8+ Rxe8 20. Qxc5 Ba5 21.
Ng5 Bb6 22. Qxb6 axb6 23. Bxf7+ Kg7 24. Bxg6 hxg6 25. Nf3 Nb4 26. Rb1 Nxc2 27. Rxb6 Bc6 28. Ne5 Nd4 29. Nxc6 bxc6 30. Bg5 Re2 31. Rb7+ Kf8 32.
Bf6 Ne6 33. Re7 1-0

[Event "*** Titled Tuesday Blitz"]
[Site "Chess.com"]
[Date "2020.05.26"]
[Round "8"]
[White "tan275"]
[Black "tamarozi99"]
[Result "1-0"]
[WhiteElo "2172"]
[BlackElo "2004"]
[TimeControl "180+1"]
[EndTime "11:40:00 PDT"]
[Termination "tan275 won by resignation"]

1. d4 Nf6 2. c4 g6 3. g3 Bg7 4.
Bg2 O-O 5. Nc3 d6 6. Nf3 Nc6 7. h3 a6 8. Bg5 Rb8 9. Rc1 b5 10. cxb5 axb5 11. Nxb5 Rxb5 12. Rxc6 Rxb2 13. Rc2 Rxc2 14.
Qxc2 Bf5 15. Qc1 Qa8 16. O-O Qxa2 17. Qxc7 Qxe2 18. Re1 Qd3 19. Rxe7 Ne4 20. Be3 Bf6 21. g4 Bxe7 22. Qxe7 Be6 23. Bh6 Rc8 24. Ng5 Nxf2 25. Qf6 Rc1+ 26. Kh2 Rh1+ 27. Bxh1 Nxg4+ 28. hxg4 Qd2+ 29. Bg2 1-0

[Event "*** Titled Tuesday Blitz"]
[Site "Chess.com"]
[Date "2020.05.26"]
[Round "8"]
[White "Enriquack"]
[Black "Shushik"]
[Result "1/2-1/2"]
[WhiteElo "2327"]
[BlackElo "2137"]
[TimeControl "180+1"]
[EndTime "11:40:02 PDT"]
[Termination "Game drawn by repetition"]

1. e4 e5 2. Nf3 Nc6 3. Bb5 Nf6 4.
O-O Nxe4 5. d4 Nd6 6. Ba4 e4 7. Re1 Be7 8. Ne5 O-O 9. Nc3 Bf6 10. Nxe4 Nxe4 11. Rxe4 Bxe5 12. dxe5 Re8 13. Qe2 a6 14. Bf4 b5 15. Bb3 Bb7 16. Qh5 d5 17. Bg5 Qd7 18.
Bf6 gxf6 19. Rg4+ Kf8 20. Qh6+ Ke7 21. Qxf6+ Kf8 22. Qh8+ Ke7 23. Qf6+ Kf8 24. Qh8+ Ke7 25. Qf6+ 1/2-1/2

[Event "*** Titled Tuesday Blitz"]
[Site "Chess.com"]
[Date "2020.05.26"]
[Round "8"]
[White "CraiggoryC"]
[Black "NefeLV"]
[Result "1-0"]
[WhiteElo "2092"]
[BlackElo "1781"]
[TimeControl "180+1"]
[EndTime "11:40:02 PDT"]
[Termination "CraiggoryC won by resignation"]

1. e4 e6 2. d4 d5 3. e5 c5 4. c3 Nc6 5. Nf3 cxd4 6. cxd4 Be7 7. Nc3 Bd7 8. Bd3 a6 9. O-O Nh6 10. Na4 Nf5 11. Be3 Nxe3 12. fxe3 O-O 13. Rc1 f6 14.
exf6 Bxf6 15. Nc5 Nb4 16. Bb1 b6 17. Nxd7 Qxd7 18. a3 Nc6 19. Qc2 Rac8 20. Qxh7+ Kf7 21. Rxc6 Qxc6 22. Ne5+ Ke7 23. Nxc6+ Rxc6 24. Bd3 b5 25. h3 Rb8 26. Rxf6 Kxf6 27. Qg6+ Ke7 28. Qxg7+ Kd8 29. Qf6+ Kc7 30. h4 Kb6 31. h5 Rc1+ 32. Kh2 Re8 33.
h6 Ka5 34. h7 b4 35. axb4+ Kxb4 36. h8=Q Rxh8+ 37. Qxh8 Kb3 38. Qb8+ Ka2 39. Bxa6 e5 40. dxe5 d4 41. Bc4+ Kb1 42. Bd3+ Ka2 43. Qg8+ Kxb2 44. exd4 Kc3 45. Qc8+ Kd2 46. Qxc1+ Kxc1 47. d5 Kd2 48. d6 Ke3 49. d7 1-0

[Event "*** Titled Tuesday Blitz"]
[Site "Chess.com"]
[Date "2020.05.26"]
[Round "8"]
[White "StockholmMissile"]
[Black "kingmonkey2006"]
[Result "0-1"]
[WhiteElo "2424"]
[BlackElo "2574"]
[TimeControl "180+1"]
[EndTime "11:40:04 PDT"]
[Termination "kingmonkey2006 won by checkmate"]

1. d4 Nf6 2. c4 e6 3. Nf3 d5 4. Bg5 Be7 5. e3 O-O 6. Qc2 Nbd7 7. Nc3 c6 8. a3 b6 9. cxd5 cxd5 10. Bd3 Bb7 11.
O-O Rc8 12. Qa4 a6 13. Rac1 b5 14. Qd1 Ne4 15. Bxe7 Qxe7 16. Bxe4 dxe4 17. Nd2 f5 18. Qb3 Kh8 19. Rfd1 e5 20. Nd5 Qf7 21. Nb4 Qg6 22.
Rxc8 Rxc8 23. Nf1 f4 24. Nc2 f3 25. g3 Qg4 26. Ne1 Qh3 27. Qf7 Rf8 28. Qe7 Bd5 29. dxe5 Bc4 30. Qxd7 Qxf1# 0-1

[Event "*** Titled Tuesday Blitz"]
[Site "Chess.com"]
[Date "2020.05.26"]
[Round "8"]
[White "marszach123"]
[Black "BJthechessgod"]
[Result "0-1"]
[WhiteElo "2166"]
[BlackElo "2122"]
[TimeControl "180+1"]
[EndTime "11:40:04 PDT"]
[Termination "BJthechessgod won by resignation"]

1. e4 e6 2. d4 d5 3. Nc3 Bb4 4. e5 c5 5. a3 Bxc3+ 6. bxc3 Qa5 7. Bd2 Qa4 8. Rb1 Nc6 9. Bb5 Qxa3 10. Ne2 c4 11.
O-O Qe7 12. Bc1 Qc7 13. Ba3 Ne7 14. Bd6 Qd8 15. f4 Nf5 16. Bxc6+ bxc6 17. Bc5 Ne3 18.
Qd2 Nxf1 19. Rxf1 a5 20. g4 h5 21. g5 a4 22. Ra1 f6 23. gxf6 gxf6 24. Kh1 f5 25.
Nc1 Kf7 26. Na2 Rg8 27. Nb4 Bd7 28. Qe2 Qh4 29. Bd6 Rg4 30. Rf1 Rag8 31. Na6 Qh3 32. Nc5 Rg2 0-1

[Event "*** Titled Tuesday Blitz"]
[Site "Chess.com"]
[Date "2020.05.26"]
[Round "8"]
[White "Gandrade2"]
[Black "FMchesstrainer"]
[Result "0-1"]
[WhiteElo "2013"]
[BlackElo "2419"]
[TimeControl "180+1"]
[EndTime "11:40:04 PDT"]
[Termination "FMchesstrainer won on time"]

1. d4 d5 2. c4 e6 3. cxd5 exd5 4.
Nc3 Bf5 5. Nf3 c6 6. Bf4 Bd6 7. Bxd6 Qxd6 8. e3 Qb4 9. Qb3 a5 10. Be2 Nd7 11. O-O Ngf6 12. Nd2 O-O 13. a3 Qxb3 14.
Nxb3 a4 15. Nd2 b5 16. Rac1 Nb6 17. Rfe1 Rfe8 18. Bf1 Nc4 19. Nxc4 bxc4 20. Be2 Reb8 21. Bd1 Rxb2 22. Bxa4 Ne4 23. Bxc6 Rxa3 24. Nxd5 Be6 25. Nf4 Nxf2 26. Nxe6 fxe6 27. Rxc4 Nd3 28. Rf1 Nb4 29. Be4 g6 30. Rc8+ Kg7 31. Rc7+ Kh6 32. Re7 Rxe3 33. Rxe6 Rbe2 34. Rb6 Rxe4 35. Rxb4 Rd2 36. Rb5 Ree2 37. g3 Rg2+ 0-1

[Event "*** Titled Tuesday Blitz"]
[Site "Chess.com"]
[Date "2020.05.26"]
[Round "8"]
[White "lachesisQ"]
[Black "ChessWarrior7197"]
[Result "1-0"]
[WhiteElo "3164"]
[BlackElo "2924"]
[TimeControl "180+1"]
[EndTime "11:40:05 PDT"]
[Termination "lachesisQ won by resignation"]

1. e4 c5 2. Nf3 d6 3. d4 cxd4 4. Nxd4 Nf6 5. Nc3 a6 6. Bg5 e6 7. Qf3 Nbd7 8. O-O-O Qc7 9. a3 Be7 10. Qg3 b5 11. Bxb5 axb5 12. Ndxb5 Qb8 13. Nxd6+ Bxd6 14. Qxd6 Qxd6 15. Rxd6 h6 16. Bf4 g5 17.
Bg3 Nh5 18. Rhd1 Nxg3 19. hxg3 Ke7 20. a4 Nc5 21. b3 Bb7 22. f3 Rhc8 23. Kb2 Ra6 24.
Rxa6 Nxa6 25. Nb5 Rb8 26. c4 Nb4 27. Rd2 Bc6 28. Kc3 Na6 29. b4 Be8 30. e5 h5 31.
Rd6 Bxb5 32. axb5 Nc7 33. b6 Ne8 34. Rc6 Kd7 35. b5 Rb7 36. c5 Rb8 37. Kb4 Ra8 38. b7 Rb8 39. Ra6 Nc7 40. c6+ Kd8 41. Kc5 h4 42. g4 1-0

[Event "*** Titled Tuesday Blitz"]
[Site "Chess.com"]
[Date "2020.05.26"]
[Round "8"]
[White "GMSrinath"]
[Black "SerGo055"]
[Result "1-0"]
[WhiteElo "2810"]
[BlackElo "2566"]
[TimeControl "180+1"]
[EndTime "11:40:05 PDT"]
[Termination "GMSrinath won on time"]

1. Nf3 Nf6 2. c4 c6 3. e3 d5 4. b3 Bf5 5. Bb2 e6 6. Be2 Nbd7 7. O-O h6 8. Nc3 Be7 9. Rc1 O-O 10. d4 a5 11. a3 Ne4 12. Nxe4 Bxe4 13. Bd3 f5 14. Ne1 Bd6 15. f3 Bxd3 16. Nxd3 Qh4 17. f4 Nf6 18.
Rf3 Ne4 19. Rh3 Qe7 20. c5 Bc7 21. g4 Rf6 22. Rc2 Raf8 23. Rg2 g5 24. gxf5 exf5 25. Nf2 g4 26. Nxe4 Qxe4 27. Bc3 Qxg2+ 28. Kxg2 gxh3+ 29. Kxh3 Rg6 30. Be1 Bd8 31. Bg3 h5 32. Qxh5 Kg7 33. Kg2 Re8 34. Qxf5 Rxe3 35. Qd7+ Be7 36. f5 Rg5 37.
Kf2 Re4 38. Be5+ Kf7 39. f6 1-0

[Event "*** Titled Tuesday Blitz"]
[Site "Chess.com"]
[Date "2020.05.26"]
[Round "8"]
[White "orrbaverlekszarnyon"]
[Black "Vitor-Moraes"]
[Result "1-0"]
[WhiteElo "2187"]
[BlackElo "1968"]
[TimeControl "180+1"]
[EndTime "11:40:05 PDT"]
[Termination "orrbaverlekszarnyon won by resignation"]

1. e4 e5 2. Nf3 Nc6 3. Bc4 Nf6 4. Ng5 d5 5. exd5 Na5 6. d3 Be7 7. Qe2 Nxc4 8. dxc4 O-O 9. O-O Nxd5 10. Nxh7 Kxh7 11.
Qe4+ Kg8 12. cxd5 f5 13. Qxe5 Bd6 14. Qd4 f4 15. Nc3 f3 16. g3 Bh3 17. Re1 Qd7 18. Ne4 Be7 19. Bg5 Bxg5 20. Nxg5 Qf5 21. Qh4 Rae8 22. Nxh3 Qxc2 23. Ng5 Re2 24. Rf1 Qg6 25.
Ne6 Re8 26. Nf4 1-0

[Event "*** Titled Tuesday Blitz"]
[Site "Chess.com"]
[Date "2020.05.26"]
[Round "8"]
[White "grandcoach"]
[Black "kot60"]
[Result "0-1"]
[WhiteElo "2086"]
[BlackElo "2383"]
[TimeControl "180+1"]
[EndTime "11:40:06 PDT"]
[Termination "kot60 won by resignation"]

1. e4 e5 2. Nf3 Nc6 3. d4 exd4 4. c3 d3 5. Bxd3 d5 6. exd5 Qxd5 7. O-O Nf6 8. Re1+ Be7 9. Bg5 Be6 10. Na3 O-O-O 11.
Bc4 Qxd1 12. Raxd1 Rxd1 13. Bxe6+ fxe6 14. Rxd1 Bxa3 15. bxa3 Ne4 16. Rd3 h6 17. Be3 Rd8 18.
Rxd8+ Kxd8 19. Nd4 Kd7 20. Ne2 b6 21. f3 Nd6 22.
Kf2 Ne5 23. Bd4 Ndc4 24. f4 Ng4+ 25. Kg3 Nge3 26. Bxg7 Nf5+ 27. Kg4 Nxg7 28. a4 a5 29.
h4 Nb2 30. Kf3 Nxa4 31. g4 Nc5 32. g5 h5 33. Ng3 Kd6 34. Ne4+ Nxe4 35. Kxe4 Nf5 36.
g6 b5 37. a3 c5 0-1

[Event "*** Titled Tuesday Blitz"]
[Site "Chess.com"]
[Date "2020.05.26"]
[Round "8"]
[White "Gennady_Kozlov"]
[Black "Tejas_Rama"]
[Result "1-0"]
[WhiteElo "2562"]
[BlackElo "2392"]
[TimeControl "180+1"]
[EndTime "11:40:08 PDT"]
[Termination "Gennady_Kozlov won by checkmate"]

1. b3 Nf6 2. Bb2 c5 3. e3 b6 4. f4 Bb7 5. Nf3 e6 6. Be2 d5 7. O-O Nbd7 8. Qe1 Bd6 9. Qg3 O-O 10.
a4 Qc7 11. Nc3 a6 12. Bd3 e5 13. fxe5 Nxe5 14. Nxe5 Bxe5 15. Qh3 h6 16. Nd1 Bc8 17.
Qh4 Bxb2 18. Nxb2 Qe5 19. c3 Ne4 20. Bxe4 dxe4 21. Nc4 Qe6 22. Rf4 Bb7 23. Raf1 b5 24. Na5 Bd5 25. axb5 axb5 26. b4 cxb4 27. cxb4 f5 28.
Qh5 Qe7 29. Rxf5 Bf7 30. Nc6 Qe6 31. Nd4 Bxh5 32. Rxf8+ Rxf8 33. Rxf8+ Kxf8 34. Nxe6+ Ke7 35. Nc7 Be2 36. Nd5+ Kd6 37. Nc3 Bd3 38. Kf2 Ke5 39. Kg3 g5 40. Kg4 Bf1 41. g3 Bg2 42. Kh5 Bf3+ 43. Kxh6 Kf5 44. Nxb5 Kg4 45. Nd4 Bg2 46. b5 Bf1 47. b6 Ba6 48. Ne6 Kh3 49. Kxg5 Kxh2 50.
Kf4 Kh3 51. Nc5 Bc8 52. b7 Bxb7 53. Nxb7 Kg2 54. Nd6 Kf2 55. Nxe4+ Ke2 56. d4 Kd3 57. d5 Kc4 58. d6 Kd5 59. d7 Kc4 60. d8=Q Kb3 61. Qc7 Kb2 62. g4 Kb3 63. g5 Kb4 64. g6 Kb5 65. g7 Kb4 66. g8=Q Kb5 67. Qgb8+ Ka6 68. Qcb7+ Ka5 69. Ng5 Ka4 70. e4 Ka3 71. e5 Ka2 72. e6 Ka1 73. e7 Ka2 74. e8=Q Ka3 75. Qeb5 Ka2 76. Q7b6 Ka3 77. Q8b7 Ka2 78. Ke4 Ka3 79. Kd4 Ka2 80. Kc3 Ka3 81. Nf3 Ka2 82. Ne1 Ka3 83. Qb4+ Ka2 84. Kc4 Ka1 85. Kb5 Ka2 86.
Ka4 Ka1 87. Q6a5 Ka2 88. Kb5# 1-0

[Event "*** Titled Tuesday Blitz"]
[Site "Chess.com"]
[Date "2020.05.26"]
[Round "8"]
[White "mjray79"]
[Black "Onwgs"]
[Result "0-1"]
[WhiteElo "2294"]
[BlackElo "2476"]
[TimeControl "180+1"]
[EndTime "11:40:08 PDT"]
[Termination "Onwgs won by resignation"]

1. d4 Nf6 2. c4 g6 3. Nc3 d5 4.
cxd5 Nxd5 5. e4 Nxc3 6. bxc3 Bg7 7. Bc4 c5 8. Be3 O-O 9. Ne2 Nc6 10. O-O e6 11. Qd2 Qa5 12. Rfd1 cxd4 13. cxd4 Qxd2 14. Rxd2 b6 15. h4 Bb7 16. h5 Na5 17. Bd3 Rfd8 18. h6 Bf8 19. e5 Rac8 20. Bg5 Rd7 21. Bb5 Rdc7 22. Ng3 Nc4 23. Rdd1 Na3 24. Bd3 Nc2 25.
Rac1 Nxd4 26. Rxc7 Rxc7 27. Bxg6 hxg6 28. Rxd4 Kh7 29. Ne4 Bxe4 30. Rxe4 Rc5 31. Rf4 Rc7 32. Rd4 b5 33. Kh2 a5 34. Bd8 Rc2 35. Rf4 Bxh6 36.
Rxf7+ Kg8 37. Rf6 Rxa2 38. Rxg6+ Kh7 39. Rxe6 b4 40. Re7+ Kg6 41. Rb7 Bf4+ 42. g3 Bxe5 43. Kg2 Bd4 44. Bb6 Rxf2+ 45. Kh3 Bxb6 46. Rxb6+ Rf6 0-1

[Event "*** Titled Tuesday Blitz"]
[Site "Chess.com"]
[Date "2020.05.26"]
[Round "8"]
[White "tigra"]
[Black "Dinamo81"]
[Result "1/2-1/2"]
[WhiteElo "2750"]
[BlackElo "2631"]
[TimeControl "180+1"]
[EndTime "11:40:09 PDT"]
[Termination "Game drawn by repetition"]

1. Nc3 d5 2. d4 Nf6 3. Bg5 Nbd7 4. Qd3 h6 5. Bh4 c6 6. e4 dxe4 7. Nxe4 Nxe4 8. Qxe4 Qa5+ 9. c3 g5 10. Bg3 f5 11. Qf3 f4 12. Bxf4 gxf4 13. Qxf4 Nf6 14. Nf3 Qf5 15. Qe3 Nd5 16. Qd2 Qf4 17. Qc2 Bf5 18.
Bd3 Bxd3 19. Qxd3 Rg8 20. O-O Qg4 21. g3 Nf4 22. Qe3 Nd5 23. Qd3 Qg6 24. Qd2 Bg7 25. Rfe1 Qf7 26. Qe2 O-O-O 27. Nh4 Rde8 28. f4 Bf6 29. Ng2 h5 30. Kf2 Qg6 31. Qe6+ Kb8 32. Qe4 Qxe4 33. Rxe4 Kc7 34. Kf3 Kd7 35. Ne1 e6 36.
Nd3 b6 37. Rae1 Nc7 38. R4e2 Ref8 39. Rg2 a5 40. a4 Nd5 41. Ke4 Ne7 42. Kf3 Nf5 43.
Rge2 Re8 44. Rd2 Nd6 45. Ne5+ Kc7 46. Nd3 Rg6 47. Rde2 Kd7 48. Rd2 Kc7 49. Rde2 Kd7 50. Rd2 Kc7 1/2-1/2

[Event "*** Titled Tuesday Blitz"]
[Site "Chess.com"]
[Date "2020.05.26"]
[Round "8"]
[White "Msb2"]
[Black "Zq1"]
[Result "1-0"]
[WhiteElo "2852"]
[BlackElo "2506"]
[TimeControl "180+1"]
[EndTime "11:40:09 PDT"]
[Termination "Msb2 won by checkmate"]

1. d4 Nf6 2. c4 a6 3. Nc3 c5 4. d5 b5 5. cxb5 axb5 6. Nxb5 Qa5+ 7.
Nc3 Bb7 8. Bd2 Qb6 9. e4 e6 10. Bc4 Nxe4 11. Nge2 Nf6 12. Bg5 Be7 13. O-O h6 14.
Bxf6 Bxf6 15. Qd3 O-O 16. Ne4 Be7 17. b3 Na6 18. a3 Nc7 19. N2c3 f5 20. Ng3 Bf6 21.
dxe6 dxe6 22. Rae1 Bxc3 23. Qxc3 Nd5 24. Qe5 Rxa3 25. Nh5 Rf7 26. Qb8+ Kh7 27. Bxd5 exd5 28. Re8 Ra8 29. Rh8+ Kg6 30. Nf4+ Kg5 31. Qe5 Rxh8 32. h4+ Kxh4 33. Qe3 d4 34. Qg3# 1-0

[Event "*** Titled Tuesday Blitz"]
[Site "Chess.com"]
[Date "2020.05.26"]
[Round "8"]
[White "BabyFacedAssasin"]
[Black "binbin239"]
[Result "1/2-1/2"]
[WhiteElo "2257"]
[BlackElo "2394"]
[TimeControl "180+1"]
[EndTime "11:40:09 PDT"]
[Termination "Game drawn by repetition"]

1. e4 c5 2. Nf3 Nc6 3. Bb5 g6 4. Bxc6 bxc6 5. d4 Nf6 6. e5 Nd5 7. c4 Nb6 8. dxc5 Nxc4 9. Qd4 Ba6 10. O-O Bg7 11. Re1 O-O 12. b3 Nxe5 13. Nxe5 d6 14. f4 dxe5 15. Qxd8 Raxd8 16. fxe5 Bxe5 17. Rxe5 Rd1+ 18. Kf2 Rxc1 19. Re1 Rc2+ 20. Kg1 Rd8 21. Na3 Rxc5 22. Rxe7 Ra5 23. Nc4 Bxc4 24. bxc4 Rd2 25. Rf1 Raxa2 26. Rfxf7 Rxg2+ 27. Kf1 Rxh2 28. Kg1 Rhg2+ 29. Kf1 Rh2 30. Kg1 Rhe2 31. Rg7+ Kf8 32. Rgf7+ Kg8 33. Rg7+ Kf8 34.
Rgf7+ Kg8 1/2-1/2

[Event "*** Titled Tuesday Blitz"]
[Site "Chess.com"]
[Date "2020.05.26"]
[Round "8"]
[White "MilanJeremic"]
[Black "XxPetroffsxX"]
[Result "1/2-1/2"]
[WhiteElo "2229"]
[BlackElo "1941"]
[TimeControl "180+1"]
[EndTime "11:40:10 PDT"]
[Termination "Game drawn by repetition"]

1. d4 d5 2. Nf3 c5 3. e3 e6 4. g3 Nc6 5. Bg2 cxd4 6. exd4 Nf6 7. c3 Bd6 8. O-O O-O 9. Bg5 h6 10. Bxf6 Qxf6 11. Nbd2 b5 12. a3 a5 13. Re1 Rb8 14. Nf1 Qe7 15. Ne3 Qa7 16. h4 Ba6 17.
Ng4 Rfe8 18. Nfe5 Nxe5 19. Nxe5 Bxe5 20. Rxe5 Bb7 21. Qe2 Bc6 22. f4 Bd7 23. Kh2 Qb6 24. Rf1 b4 25. axb4 axb4 26. g4 Bb5 27. Qe1 Bxf1 28.
Qxf1 bxc3 29. bxc3 Qb1 30. Re1 Qc2 31. Qf3 Rb2 32.
g5 h5 33. f5 Rf8 34. Rg1 Rc8 35. Qxh5 Qxf5 36. Kh1 Rxg2 37. Rxg2 Qf1+ 38. Kh2 Rxc3 39.
Qg4 Rc1 40. g6 Qh1+ 41. Kg3 Rc3+ 42. Kf4 Qf1+ 43. Ke5 Re3+ 44. Kd6 Qa6+ 45. Kd7 Qb7+ 46.
Kd6 Qb8+ 47. Kd7 f5 48. Qh5 Qb7+ 49. Kd6 Qb6+ 50. Kd7 Qb7+ 51. Kd6 Qb6+ 52. Kd7 Qb7+ 1/2-1/2